 Dungeon Crawl Stone Soup version 0.30-b1-2-g02819fbbbe (webtiles) character file.

Game seed: 17646421202892702191

137 Arzdou the Cudgeller (level 5, -1/32 HPs)
             Began as a Gargoyle Cinder Acolyte on May 12, 2023.
             Was a High Priest of Ignis.
             Slain by Natasha (3 damage)
             ... on level 3 of the Dungeon.
             The game lasted 00:02:47 (1550 turns).

Arzdou the Cudgeller (Gargoyle Cinder Acolyte)      Turns: 1550, Time: 00:02:47

Health: -1/32      AC: 13    Str: 20    XL:     5   Next: 20%
Magic:  6/6        EV:  7    Int: 14    God:    Ignis [*****.]
Gold:   58         SH:  0    Dex:  5    Spells: 6/6 levels left

rFire   + . .        a - -1 mace (flame)
rCold   . . .        (no shield)
rNeg    + . .        n - +0 chain mail
rPois   ∞            (no helmet)
rElec   +            g - +0 cloak
rCorr   .            (no gloves)
SInv    .            (no boots)
Will    .....        (no amulet) Stlth
                     (no ring)
HPRegen 0.25/turn    (no ring)
MPRegen 0.10/turn

%: no passive effects
@: attractive
A: sickness immunity, AC +4, negative energy resistance 1, electricity
resistance, torment resistance 1, petrification resistance
a: Renounce Religion, Fiery Armour, Foxfire Swarm, Rising Flame


You were on level 3 of the Dungeon.
You worshipped Ignis.
Ignis was extremely pleased with you.
You visited 1 branch of the dungeon, and saw 3 of its levels.

You collected 58 gold pieces.

Inventory:

Hand Weapons
 a - a -1 mace of flaming (weapon)
Armour
 c - a +0 tower shield
 g - a +0 cloak (worn)
 n - a +0 chain mail (worn)
Scrolls
 b - a scroll of identify {unknown}
 d - a scroll of enchant weapon {unknown}
 f - a scroll of fear {unknown}
 h - a scroll of fog {unknown}
 i - 2 scrolls of silence {unknown}
 j - a scroll of immolation {unknown}
 k - a scroll of teleportation {unknown}
Potions
 m - a potion of haste {unknown}


   Skills:
 - Level 3.2 Fighting
 + Level 5.7 Maces & Flails
 - Level 1.0 Spellcasting
 - Level 3.0 Fire Magic


You had 6 spell levels left.
You didn't know any spells.
Your spell library contained the following spells:

 Spells                   Type           Power      Damage    Failure   Level
 Scorch                   Fire           18%        2d6       71%         2
 Animate Dead             Necr           0%         N/A       100%        4
 Flame Wave               Conj/Fire      4%         2d5       100%        4
 Borgnjor's Vile Clutch   Necr/Erth      0%         N/A       100%        5
 Death Channel            Necr           0%         N/A       100%        6
 Summon Cactus Giant      Summ           0%         N/A       100%        6


Dungeon Overview and Level Annotations

Branches:
Dungeon (3/15)

Altars:
Fedhas
Makhleb

Annotations:
D:3 Natasha


Innate Abilities, Weirdness & Mutations

You are immune to sickness and miasma.
Your stone body is resilient. (AC +4)
You are immune to poison.
You resist negative energy. (rN+)
You are resistant to electric shocks. (rElec)
You are resistant to unholy torment.
You are immune to petrification.


Message History

You are too injured to fight recklessly!
You are too injured to fight recklessly!
You are too injured to fight recklessly!
You are too injured to fight recklessly!
Unknown command.
You closely miss Natasha.
Natasha is severely wounded.
The hobgoblin hits you but does no damage.
Natasha casts a spell.
The cerulean imp barely misses you.
You closely miss Natasha.
Natasha is severely wounded.
The hobgoblin hits you. Natasha claws you.
* * * LOW HITPOINT WARNING * * *
The cerulean imp hits you but does no damage.
The cerulean imp hits you from afar with a +1 spear.
* * * LOW HITPOINT WARNING * * *
The hobgoblin barely misses you.
You hit Natasha but do no damage.
Natasha is severely wounded.
Natasha claws you.
* * * LOW HITPOINT WARNING * * *
The cerulean imp closely misses you.
The cerulean imp hits you but does no damage.
The hobgoblin barely misses you. The cerulean imp barely misses you.
Natasha howls an incantation.
Natasha glows brightly for a moment.
Natasha claws you but does no damage.
It was a potion of attraction.
You feel attractive to monsters. The cerulean imp barely misses you.
The hobgoblin barely misses you. Natasha barely misses you.
The cerulean imp hits you but does no damage.
The cerulean imp is attracted toward you.
You closely miss Natasha.
Natasha is severely wounded.
The cerulean imp barely misses you. The hobgoblin hits you.
* * * LOW HITPOINT WARNING * * *
The cerulean imp barely misses you. Natasha claws you.
You die...

.... .................
................##
..................
................##.# #.#
................##.# #.#
.........§......##.# #.#
.......h5.......##.# #.#
......g@5.......##.# #.#
................##.# #.#
....!..............###.#
........................
................######..
#.#...#####†##### #..
#...........# #..
...........# #..
...........##########..


You could see Natasha, 2 cerulean imps and a hobgoblin.

Vanquished Creatures
  Jessica (D:2)
  Natasha (D:3)
  4 adders
  A worm (D:2)
  An orc (D:2)
  5 ball pythons
  5 endoplasms
  3 giant cockroaches (D:1)
  5 goblins
  4 hobgoblins
  5 kobolds
  A quokka (D:1)
  4 bats
  A frilled lizard (D:2)
  5 rats
46 creatures vanquished.

Vanquished Creatures (others)
  2 fungi (D:3)
  A plant (D:3)
3 creatures vanquished.

Grand Total: 49 creatures vanquished

Notes
Turn   | Place    | Note
-------+----------+-------------------------------------------
     0 | D:1      | Arzdou the Gargoyle Cinder Acolyte began the quest for the
                  | Orb.
     0 | D:1      | Reached XP level 1. HP: 14/14 MP: 2/2
   285 | D:1      | Reached XP level 2. HP: 19/19 MP: 3/3
   594 | D:1      | Reached skill level 4 in Maces & Flails
   785 | D:2      | Reached XP level 3. HP: 18/23 MP: 4/4
   888 | D:2      | Found a burning altar of Makhleb.
   889 | D:2      | Noticed Jessica
   906 | D:2      | Killed Jessica
   907 | D:2      | Reached XP level 4. HP: 28/28 MP: 5/5
  1012 | D:2      | Reached skill level 5 in Maces & Flails
  1110 | D:2      | Found a faded altar of an unknown god.
  1391 | D:3      | Found a blossoming altar of Fedhas.
  1516 | D:3      | Noticed Natasha
  1525 | D:3      | Killed Natasha
  1526 | D:3      | Reached XP level 5. HP: 31/32 MP: 6/6
  1532 | D:3      | Noticed Natasha
  1550 | D:3      | Slain by Natasha

Illustrated notes

Levels and vault maps discovered:
D:1:      dpeg_arrival_three_bigger_balls, layout_loops_ring, serial_bayou,
          serial_bayou_pond_e, serial_bayou_pond_a, serial_bayou_pond_c,
          serial_bayou_pond_d, minmay_distorted
D:2:      layout_rooms, ebering_ecumenical_altar_rust, basic_altar,
          hangedman_decor_points, uniq_jessica
D:3:      layout_basic, fedhas_altar_3, chequers_big_river, uniq_natasha

Skill      XL: |  1  2  3  4 |
---------------+-------------+-----
Maces & Flails | 4 5 |  5.7
Fighting       | |  3.2
Spellcasting   | |  1.0
Fire Magic     | |  3.0

Action                     |  1- 3 |  4- 6 || total
---------------------------+-------+-------++-------
  Melee: Mace              |    94 |    70 ||   164
         Punch             |       |     1 ||     1
    Use: Potion            |       |     1 ||     1
 Armour: Robe              |     5 |       ||     5
         Leather armour    |    36 |     6 ||    42
         Chain mail        |       |    44 ||    44
         Ring mail         |       |     3 ||     3
         Skin              |       |     2 ||     2
  Dodge: Dodged            |    60 |    48 ||   108
